 Dungeon Crawl Stone Soup version 0.30-a0-920-g7493c07aab (webtiles) character file.

Game seed: 6261851480572465891

23 porpoise the Shooter (level 2, -1/23 HPs)
             Began as a Demonspawn Wanderer on Mar 22, 2023.
             Slain by a goblin
             ... wielding a +0 dagger
             ... led by Robin
              (3 damage)
             ... on level 2 of the Dungeon.
             The game lasted 00:02:33 (635 turns).

porpoise the Shooter (Demonspawn Wanderer)           Turns: 635, Time: 00:02:34

Health: -1/23      AC:  5    Str: 12    XL:     2   Next: 72%
Magic:  2/2        EV: 10    Int: 10    God:
Gold:   137        SH:  0    Dex: 15    Spells: 1/1 levels left

rFire   . . .      SeeInvis .    a - +3 sling
rCold   . . .      Faith    .    (no shield)
rNeg    + . .      Spirit   .    o - +0 ring mail
rPois   .          Reflect  .    (helmet restricted)
rElec   .          Rampage  .    (no cloak)
rCorr   .                        (no gloves)
Will    .....                    (no boots)
Stlth   +                        (no amulet)
HPRegen 0.23/turn                h - ring of positive energy
MPRegen 0.08/turn                (no ring)

@: no status effects
A: horns 1
a: no special abilities


You were on level 2 of the Dungeon.
You visited 1 branch of the dungeon, and saw 2 of its levels.

You collected 137 gold pieces.

Inventory:

Hand Weapons
 a - a +3 sling (weapon)
 b - a +0 short sword
Armour
 o - a +0 ring mail (worn)
Jewellery
 h - a ring of positive energy (left hand)
Scrolls
 e - a scroll of immolation {unknown}
 g - a scroll of torment {unknown}
 i - a scroll of teleportation {unknown}
 k - a scroll of poison {unknown}
 l - a scroll of identify {unknown}
 n - a scroll of magic mapping {unknown}
Potions
 c - a potion of invisibility
 f - a potion of heal wounds {unknown}
 j - 2 potions of curing {unknown}
 m - a potion of flight {unknown}


   Skills:
 + Level 2.7 Fighting
 - Level 1.7 Short Blades
 + Level 4.0 Ranged Weapons
 - Level 1.0 Throwing
 - Level 1.0 Evocations


You had one spell level left.
You didn't know any spells.
Your spell library contained the following spells:

 Spells                   Type           Power      Damage    Failure   Level
 Ignite Poison            Fire/Tmut/Pois 0%         N/A       95%         3
 Kindle Blastsparks       Fire/Tloc/Air  0%         2d10      95%         3
 Freezing Cloud           Conj/Ice/Air   0%         6-21      100%        5


Dungeon Overview and Level Annotations

Branches:
Dungeon (2/15)

Altars:

Annotations:
D:2 Robin


Innate Abilities, Weirdness & Mutations

You have a pair of small horns on your head.


Message History

Robin roars a battlecry!
The goblins go into a battle-frenzy!
The hobgoblin hits you.
You shoot a sling bullet.
The sling bullet closely misses the hobgoblin.
The sling bullet hits the hobgoblin.
The hobgoblin is heavily wounded.
The hobgoblin hits you. x2
You are too injured to fight recklessly!
You are too injured to fight recklessly!
You are too injured to fight recklessly!
You are too injured to fight recklessly!
Fire: a) +3 sling
Press: ? - help, Q - select action Shift-Dir - straight line, f - Robin, p - hobgoblin
Aim: Robin, wielding a +0 spear, wearing a +0 animal skin and wearing a +0 helmet (70% to hit)
You shoot a sling bullet.
The sling bullet closely misses the hobgoblin.
The sling bullet hits the goblin.
The goblin is severely wounded.
The hobgoblin closely misses you.
Fire: a) +3 sling
Press: ? - help, Q - select action Shift-Dir - straight line, f/p - Robin
Aim: Robin, wielding a +0 spear, wearing a +0 animal skin and wearing a +0 helmet (70% to hit)
You shoot a sling bullet.
The sling bullet closely misses the hobgoblin.
The sling bullet completely misses the goblin.
The sling bullet barely misses the bat.
The sling bullet barely misses Robin.
Robin throws the goblin at you! The hobgoblin hits you.
The goblin hits you with a +0 dagger. x2
* * * LOW HITPOINT WARNING * * *
The hobgoblin closely misses you.
Robin laughs in a distinctly smug fashion.
Robin throws the goblin at you!
* * * LOW HITPOINT WARNING * * *
The goblin hits you but does no damage. The goblin hits you with a +0 club.
* * * LOW HITPOINT WARNING * * *
Okay, then.
The goblin hits you with a +0 dagger.
You die...

####### ####### #.....#
#.....#
###.....############.....###
........>..........'........
.##........#########.....###
#######...# #.....# #...#
#.....# ...#####..g##
#.....# ..........@g####
####### ...#####.##gg)b#
#.#####gg# #.# #..# ..# #.#
..# .†) ...# ..$ ...# !..
g..


You could see Robin, 3 hobgoblins, 2 goblins and a bat.

Vanquished Creatures
  3 bats (D:1)
  An endoplasm (D:1)
  2 giant cockroaches
  6 goblins
  2 hobgoblins (D:2)
  A quokka (D:2)
  A ball python (D:1)
  A frilled lizard (D:1)
  A kobold (D:1)
  A rat (D:1)
19 creatures vanquished.

Vanquished Creatures (others)
  A fungus (D:1)
  3 toadstools (D:1)
4 creatures vanquished.

Grand Total: 23 creatures vanquished

Notes
Turn   | Place    | Note
-------+----------+-------------------------------------------
     0 | D:1      | porpoise the Demonspawn Wanderer began the quest for the
                  | Orb.
     0 | D:1      | porpoise set off with the following items: a +3 sling, a +0
                  | short sword, a potion of invisibility, a +0 leather armour.
     0 | D:1      | Reached XP level 1. HP: 16/16 MP: 1/1
   226 | D:1      | Gained mutation: You have a pair of small horns on your
                  | head. [demonic ancestry]
   226 | D:1      | Reached XP level 2. HP: 23/23 MP: 2/2
   623 | D:2      | Reached skill level 4 in Ranged Weapons
   627 | D:2      | Noticed Robin
   635 | D:2      | Slain by a goblin

Illustrated notes

Levels and vault maps discovered:
D:1:      dpeg_arrival_ternary, layout_rooms, minmay_gold_behind_fungi,
          minivault_23, chequers_serial_rivers_micro_a
D:2:      layout_basic, uniq_robin, uniq_sigmund

Skill      XL: |  1  2 |
---------------+-------+-----
Ranged Weapons | 4 |  4.0
Fighting       | |  2.7
Short Blades   | |  1.7
Throwing       | |  1.0
Evocations     | |  1.0

Action                     || total
---------------------------++-------
  Melee: Short sword       ||     4
   Fire: Sling             ||    47
 Armour: Leather armour    ||     2
         Ring mail         ||     8
  Dodge: Dodged            ||    13

Table legend: (Time is in decaauts)
 A = Elapsed time spent in this place.
 B = Non-inter-level travel time spent in this place.
 C = Inter-level travel time spent in this place.
 D = Time resting spent in this place.
 E = Time spent auto-exploring this place.
 F = Levels seen in this place.
 G = Mean time per level.
                   A        B        C        D        E       F      G
               +--------+--------+--------+--------+--------+-----+--------+
         Total |    646 |    640 |      6 |      0 |    490 |   2 |  323.0 |
       Dungeon |    646 |    640 |      6 |      0 |    490 |   2 |  323.0 |
               +--------+--------+--------+--------+--------+-----+--------+

Top non-repeatable levels by time:
     D:1: 508 daAuts
     D:2: 138 daAuts
